 Dungeon Crawl Stone Soup version 0.21.1-1-g345015f (webtiles) character file.

11628 erloom the Fighter (level 11, -10/76 HPs)
             Began as a Gargoyle Gladiator on Mar 8, 2018.
             Was a High Priest of Okawaru.
             Killed from afar by an ice dragon (28 damage)
             ... with a blast of cold
             ... on level 2 of the Lair of Beasts.
             The game lasted 00:32:41 (9074 turns).

erloom the Fighter (Gargoyle Gladiator)             Turns: 9074, Time: 00:32:41

Health: -10/76     AC: 24    Str: 17    XL:     11   Next: 80%
Magic:  8/14       EV: 12    Int: 13    God:    Okawaru [*****.]
Gold:   566        SH: 11    Dex: 11    Spells: 10/10 levels left

rFire    . . .     SeeInvis .   r - +3 whip (elec)
rCold    + . .     Gourm    .   v - +0 shield
rNeg     + . .     Faith    .   l - +0 scale mail
rPois    ∞         Spirit   .   c - +0 helmet
rElec    +         Reflect  .   A - +0 cloak "Hivow" {rC+}
rCorr    .         Harm     .   e - +0 pair of gloves
MR       .....                  k - +2 pair of boots
Stlth    +.........             t - amulet of regeneration
HPRegen  0.62/turn              (no ring)
MPRegen  0.14/turn              (no ring)

@: heroism, finesse
A: negative energy resistance 1, electricity resistance, unbreathing,
petrification resistance, rot immunity, AC +8
a: Heroism, Finesse, Renounce Religion


You were on level 2 of the Lair of Beasts.
You worshipped Okawaru.
Okawaru was extremely pleased with you.
You were not hungry.

You visited 2 branches of the dungeon, and saw 12 of its levels.

You collected 566 gold pieces.

Inventory:

Hand Weapons
 r - a +3 whip of electrocution (weapon)
Missiles
 d - 3 throwing nets (quivered)
 K - 8 poisoned tomahawks
Armour
 b - a +0 cloak
 c - a +0 helmet (worn)
 e - a +0 pair of gloves (worn)
 k - a +2 pair of boots (worn)
 l - a +0 scale mail (worn)
 v - a +0 shield (worn)
 A - the +0 cloak "Hivow" (worn) {rC+}
   (Okawaru gifted it to you on level 9 of the Dungeon)

   It protects you from cold.
 F - a +0 leather armour of positive energy
Jewellery
 t - an amulet of regeneration (around neck)
 J - the ring of the Gloaming {+Fly rF- Str+4 Int+2 Dex+4}
   (You found it on level 1 of the Lair of Beasts)

   [ring of intelligence]

   It affects your strength (+4).
   It affects your intelligence (+2).
   It affects your dexterity (+4).
   It makes you vulnerable to fire.
   It lets you fly.
Wands
 i - a wand of iceblast (9)
 E - a wand of polymorph (8)
 H - a wand of acid (1)
 M - a wand of paralysis (9)
 O - a wand of digging (7)
Scrolls
 a - a scroll of enchant armour {unknown}
 h - 2 scrolls of teleportation
 m - 9 scrolls of remove curse
 p - 2 scrolls of magic mapping
 y - a scroll of blinking {unknown}
 N - a scroll of amnesia
Potions
 g - 3 potions of curing
 j - 2 potions of haste
 n - 7 potions of agility {unknown}
 o - a potion of resistance
 q - 4 potions of lignification {unknown}
 s - 2 potions of heal wounds
 u - 2 potions of cancellation
 w - 3 potions of might {unknown}
 x - 5 potions of ambrosia {unknown}
 z - 2 potions of berserk rage {unknown}
 B - 2 potions of brilliance {unknown}
 D - a potion of flight
 G - a potion of invisibility
 I - a potion of mutation
Books
 C - a book of Callings

   Spells                             Type                      Level
   a - Summon Small Mammal            Summoning                    1
   b - Call Imp                       Summoning                    2
   c - Call Canine Familiar           Summoning                    3
   d - Summon Guardian Golem          Hexes/Summoning              3
   e - Summon Lightning Spire         Summoning/Air                4
   f - Summon Ice Beast               Ice/Summoning                4
 L - a book of Misfortune

   Spells                             Type                      Level
   a - Confusing Touch                Hexes                        1
   b - Confuse                        Hexes                        3
   c - Gell's Gravitas                Translocation                3
   d - Petrify                        Transmutation/Earth          4
   e - Metabolic Englaciation         Hexes/Ice                    5
   f - Yara's Violent Unravelling     Hexes/Transmutation          5
 P - a book of Party Tricks

   Spells                             Type                      Level
   a - Summon Butterflies             Summoning                    1
   b - Apportation                    Translocation                1
   c - Lesser Beckoning               Translocation                3
   d - Tukima's Dance                 Hexes                        3
   e - Alistair's Intoxication        Transmutation/Poison         5
   f - Invisibility                   Hexes                        6
Comestibles
 f - 20 rations
 Q - 11 chunks of flesh


   Skills:
 + Level 12.6(17.6) Fighting
 + Level 11.9(16.9) Maces & Flails
 - Level 1.7(6.7) Throwing
 - Level 5.0(10.0) Armour
 - Level 2.4(7.4) Dodging
 - Level 5.0(10.0) Shields
 - Level 5.1 Invocations


You had 10 spell levels left.
You didn't know any spells.

Dungeon Overview and Level Annotations

Branches:
Dungeon (10/15)            Temple (0/1) D:5            Lair (2/6) D:10
  Swamp (0/4) Lair:2
  Snake: Lair:2-4    Spider: Lair:2-4       Orc: D:9-12

Altars:
Ashenzari
Cheibriados
Gozag
Hepliaklqana
Kikubaaqudgha
Makhleb
Nemelex Xobeh
Okawaru
Ru
Sif Muna
Trog
Uskayaw

Annotations:
Lair:2 exclusion: ice statue


Innate Abilities, Weirdness & Mutations

You are resistant to torment.
Your stone body is resilient. (AC +8)
You are immune to poison.
You resist negative energy. (rN+)
You are resistant to electric shocks. (rElec)
You can survive without breathing.
You are immune to petrification.
You are immune to rotting.


Message History

You stumble backwards!
You hit the ice dragon but do no damage.
The ice dragon is severely wounded.
You hit the ice dragon.
The ice dragon is almost dead.
You barely miss the ice dragon.
The ice dragon is almost dead.
You hit the ice dragon.
The ice dragon is almost dead.
The ice dragon bites you but does no damage.
The ice dragon barely misses you. You block the ice dragon's attack.
You hit the ice dragon but do no damage.
The ice dragon is almost dead.
You closely miss the ice dragon.
The ice dragon is almost dead.
You hit the ice dragon.
The ice dragon is almost dead.
The ice dragon breathes frost at you. The blast of cold hits you! You resist.
You die...

.#.###.....................######
......#........#..........###..##
.......#............#D....##.....
#.....##.......#..........##.....
.#..................#......##....
##..................#.....###.###
P#...#P...................####.##
..#..#..........#####......#..##.
................@D...............
.................................
.................................
.................................
.................................
.............#.#.#.###...........
##....###...P#.P<.#.##.....##.+..
.##.#.##....##......##....P###..#
###.#..##...#.............## #...


You could see an ice dragon.

Vanquished Creatures
  The ghost of Baghtru the Cleaver, a journeyman HOFi of the Shining One (D:9)
  Erica (D:10)
  3 two-headed ogres
  Pikel (D:9)
  3 spiny frogs (Lair:2)
  A black mamba (Lair:1)
  A komodo dragon (D:10)
  A troll (D:9)
  2 polar bears (Lair:2)
  2 hippogriffs
  Sigmund (D:3)
  A vampire (D:10)
  2 wyverns
  Menkaure (D:6)
  7 porcupines (Lair:1)
  4 water moccasins
  3 orc warriors
  6 ice beasts (Lair:2)
  2 slaves (D:9)
  A phantom (D:5)
  3 wolves
  A sky beast (D:7)
  A necrophage (D:9)
  2 ogres
  2 centaurs (D:9)
  3 bullfrogs
  Blork the orc (D:4)
  3 scorpions
  8 killer bees
  4 howler monkeys
  4 crimson imps
  A centaur zombie (D:5)
  A bullfrog zombie (D:5)
  3 hounds
  A jelly (D:6)
  2 centaur skeletons
  4 orc priests
  A quasit (D:5)
  An iguana (D:9)
  5 orc wizards
  5 worker ants
  6 hell rats (Lair:2)
  A hound skeleton (D:7)
  2 howler monkey skeletons
  5 adders
  4 shadow imps
  2 white imps (Lair:2)
  An ooze (D:5)
  An adder skeleton (D:6)
  5 worms
  A dart slug (D:1)
  5 leopard geckos
  18 orcs
  A ball python (D:3)
  2 bats
  5 giant cockroaches
  4 goblins
  5 hobgoblins
  8 jackals
  5 kobolds
  4 quokkas
  5 frilled lizards
  2 quokka skeletons
  A quokka zombie (D:5)
  4 rats
  A plant (D:10)
198 creatures vanquished.

Vanquished Creatures (others)
  An adder (D:9)
  2 plants
3 creatures vanquished.

Grand Total: 201 creatures vanquished

Notes
Turn   | Place    | Note
-------+----------+-------------------------------------------
     0 | D:1      | erloom the Gargoyle Gladiator began the quest for the Orb.
     0 | D:1      | Reached XP level 1. HP: 12/12 MP: 1/1
    93 | D:1      | Reached XP level 2. HP: 15/18 MP: 2/2
   502 | D:2      | Reached skill level 3 in Fighting
   515 | D:2      | Reached XP level 3. HP: 21/23 MP: 3/3
   817 | D:2      | Found a burning altar of Makhleb.
  1077 | D:3      | Reached XP level 4. HP: 23/29 MP: 4/4
  1183 | D:3      | Noticed Sigmund
  1308 | D:3      | Killed Sigmund
  1308 | D:3      | Reached skill level 5 in Fighting
  1308 | D:3      | Reached skill level 5 in Maces & Flails
  1308 | D:3      | Reached XP level 5. HP: 24/35 MP: 5/5
  1308 | D:3      | Reached XP level 6. HP: 27/40 MP: 6/6
  1684 | D:3      | Found a hazy altar of Hepliaklqana.
  2064 | D:4      | Found a sparkling altar of Nemelex Xobeh.
  2149 | D:4      | Found an iron altar of Okawaru.
  2170 | D:4      | Became a worshipper of Warmaster Okawaru
  2439 | D:4      | Reached skill level 1 in Shields
  2439 | D:4      | Reached XP level 7. HP: 40/45 MP: 7/7
  2604 | D:4      | Noticed Blork the orc
  2628 | D:4      | Killed Blork the orc
  2628 | D:4      | Reached * piety under Okawaru
  2628 | D:4      | Reached skill level 6 in Fighting
  3047 | D:5      | Entered Level 5 of the Dungeon
  3344 | D:5      | Found a bloodstained altar of Trog.
  3436 | D:5      | Found a hazy altar of Hepliaklqana.
  3454 | D:5      | Reached XP level 8. HP: 41/52 MP: 8/8
  3541 | D:5      | Found a staircase to the Ecumenical Temple.
  4180 | D:6      | Noticed Menkaure
  4251 | D:6      | Killed Menkaure
  4251 | D:6      | Reached ** piety under Okawaru
  4251 | D:6      | Reached skill level 7 in Fighting
  4749 | D:7      | Found a snail-covered altar of Cheibriados.
  4865 | D:7      | Found a shattered altar of Ashenzari.
  4900 | D:7      | Reached skill level 5 in Shields
  4941 | D:7      | Reached *** piety under Okawaru
  4941 | D:7      | Reached skill level 8 in Fighting
  4941 | D:7      | Reached XP level 9. HP: 39/59 MP: 9/9
  5201 | D:8      | Noticed a two-headed ogre
  5212 | D:8      | Killed a two-headed ogre
  5276 | D:8      | Found a deep blue altar of Sif Muna.
  5347 | D:8      | Found a hide-covered altar of Uskayaw.
  5583 | D:8      | Noticed a two-headed ogre
  5732 | D:8      | Found a sacrificial altar of Ru.
  5975 | D:8      | Received a gift from Okawaru
  5975 | D:8      | Reached skill level 9 in Fighting
  6163 | D:8      | Killed a two-headed ogre
  6163 | D:8      | Reached XP level 10. HP: 54/66 MP: 9/13
  6313 | D:9      | Reached **** piety under Okawaru
  6313 | D:9      | Reached skill level 5 in Invocations
  6376 | D:9      | Found an ancient bone altar of Kikubaaqudgha.
  6425 | D:9      | Noticed Pikel
  6453 | D:9      | Killed Pikel
  6453 | D:9      | Reached skill level 10 in Fighting
  6622 | D:9      | Found an opulent altar of Gozag.
  6656 | D:9      | Noticed a two-headed ogre
  6668 | D:9      | Killed a two-headed ogre
  6668 | D:9      | Reached ***** piety under Okawaru
  6668 | D:9      | Reached skill level 10 in Maces & Flails
  6865 | D:9      | Noticed Baghtru's ghost (journeyman HOFi)
  6899 | D:9      | Killed Baghtru's ghost
  6899 | D:9      | Reached skill level 11 in Fighting
  7089 | D:9      | Received a gift from Okawaru
  7104 | D:9      | Got a smoking cloak {god gift}
  7115 | D:9      | Identified the +0 cloak "Hivow" {rC+} (Okawaru gifted it to you on level 9 of the Dungeon)
  7124 | D:9      | Reached XP level 11. HP: 74/74 MP: 14/14
  7399 | D:10     | Entered Level 10 of the Dungeon
  7399 | D:10     | Found a staircase to the Lair.
  7445 | Lair:1   | Entered Level 1 of the Lair of Beasts
  7445 | Lair:1   | Noticed Erica
  7471 | D:10     | Killed Erica
  7589 | Lair:1   | Got a vibrating ivory ring
  7590 | Lair:1   | Identified the ring of the Gloaming {+Fly rF- Str+4 Int+2 Dex+4} (You found it on level 1 of the Lair of Beasts)
  7865 | Lair:1   | Reached skill level 5 in Armour
  7876 | Lair:1   | Reached skill level 12 in Fighting
  8779 | Lair:2   | Found a staircase to the Swamp.
  9038 | Lair:2   | Noticed an ice dragon
  9074 | Lair:2   | Killed from afar by an ice dragon

Skill      XL: |  1  2  3  4  5  6  7  8  9 10 11 |
---------------+----------------------------------+-----
Fighting       | 3 5 6 8 9 11 12 | 12.6
Maces & Flails | 4 5 6 7 9 10 11 | 11.9
Shields        | 1 3 5 |  5.0
Invocations    | 4 5 |  5.1
Armour         | 2 5 |  5.0
Throwing       | |  1.7
Dodging        | |  2.4

Action                   |  1- 3 |  4- 6 |  7- 9 | 10-12 || total
-------------------------+-------+-------+-------+-------++-------
Melee: Flail             |   113 |   121 |   369 |    88 ||   691
       Whip              |       |       |       |   458 ||   458
Invok: Heroism           |       |       |     3 |     5 ||     8
       Finesse           |       |       |       |     2 ||     2
Evoke: Wand              |       |       |     2 |     2 ||     4
  Use: Scroll            |       |       |    10 |     9 ||    19
       Potion            |       |       |       |     2 ||     2
  Eat: Chunk             |     1 |     4 |     7 |     6 ||    18
       Ration            |       |       |     2 |     1 ||     3
Armor: Ring mail         |    66 |    48 |       |       ||   114
       Leather armour    |     2 |       |       |       ||     2
       Scale mail        |       |       |   187 |   184 ||   371
Dodge: Dodged            |    75 |    58 |   117 |   123 ||   373
Block: Shield            |       |     6 |   180 |   170 ||   356
